 Dungeon Crawl Stone Soup version 0.30.1-11-g7821555f0a (webtiles) character file.

Game seed: 7108208264569589062

112 Cheops the Poker (level 4, -4/33 HPs)
             Began as a Merfolk Gladiator on Nov 13, 2023.
             Slain by a gnoll bouda
             ... wielding a +0 whip
              (11 damage)
             ... on level 3 of the Dungeon.
             The game lasted 00:05:10 (2366 turns).

Cheops the Poker (Merfolk Gladiator)                Turns: 2366, Time: 00:05:11

Health: -4/33      AC:  4    Str: 14    XL:     4   Next: 95%
Magic:  4/4        EV: 13    Int:  9    God:
Gold:   135        SH:  0    Dex: 15    Spells: 3/3 levels left

rFire   . . .        a - +0 trident
rCold   . . .        (no shield)
rNeg    . . .        b - +0 leather armour
rPois   .            f - +0 helmet
rElec   .            (no cloak)
rCorr   .            (no gloves)
SInv    +            (no boots)
Will    +....        (no amulet)
Stlth   +            i - ring of willpower
HPRegen 0.25/turn    m - ring of see invisible
MPRegen 0.09/turn

%: no passive effects
@: weakened
A: (nimble swimmer 2), mertail
a: no special abilities


You were on level 3 of the Dungeon.
You visited 1 branch of the dungeon, and saw 3 of its levels.

You collected 135 gold pieces.

Inventory:

Hand Weapons
 a - a +0 trident (weapon)
Missiles
 d - 3 throwing nets (quivered)
 e - a javelin
Armour
 b - a +0 leather armour (worn)
 f - a +0 helmet (worn)
Magical Staves
 l - a staff of conjuration
Jewellery
 i - a ring of willpower (left hand)
 m - a ring of see invisible (right hand)
Wands
 c - a wand of flame (21)
Scrolls
 h - 2 scrolls of identify {unknown}
 k - a scroll of teleportation {unknown}
 n - a scroll of fear {unknown}
Potions
 g - a potion of might {unknown}
 j - a potion of curing {unknown}


   Skills:
 - Level 2.1 Fighting
 + Level 7.2 Polearms
 - Level 2.0 Throwing
 - Level 4.0 Dodging


You had 3 spell levels left.
You didn't know any spells.
Your spell library contained the following spells:

 Spells                   Type           Power      Damage    Failure   Level
 Inner Flame              Hex/Fire       0%         N/A       83%         3
 Flame Wave               Conj/Fire      0%         2d4       99%         4
 Sticky Flame             Conj/Fire      0%         2d3       99%         4
 Borgnjor's Revivificati  Necr           0%         N/A       100%        8
 Necromutation            Tmut/Necr      0%         N/A       100%        8
 Death's Door             Necr           0%         N/A       100%        9


Dungeon Overview and Level Annotations

Branches:
Dungeon (3/15)

Altars:

Shops:
D:2 :


Innate Abilities, Weirdness & Mutations

((You are very nimble when in or above water. (Stealth+, EV+, Speed+++)))
Your lower body shifts to a powerful aquatic tail in water.


Message History

The puff of flame misses the gnoll bouda.
The puff of flame misses the gnoll.
The puff of flame hits the gnoll.
The gnoll is heavily wounded.
Aiming: Throw Flame
Press: ? - help, Shift-Dir - straight line, f/p - gnoll bouda
Aim: a gnoll bouda, wielding a +0 whip and wearing a +0 robe (moderately wounded, 72% to hit)
The puff of flame hits the gnoll bouda but does no damage.
The gnoll bouda is moderately wounded.
The gnoll bouda gazes fiercely through you!
You feel as though you will be weak longer.
Aiming: Throw Flame
Press: ? - help, Shift-Dir - straight line, f/p - gnoll bouda
Aim: a gnoll bouda, wielding a +0 whip and wearing a +0 robe (lightly wounded, 72% to hit)
The puff of flame hits the gnoll bouda but does no damage.
The gnoll bouda is lightly wounded.
You hit the gnoll bouda.
The gnoll bouda is moderately wounded.
The gnoll closely misses you.
The gnoll bouda hits you with a +0 whip.
You puncture the gnoll bouda!
The gnoll bouda is severely wounded.
The gnoll hits you from afar with a +0 spear!
The gnoll bouda hits you with a +0 whip!
* * * LOW HITPOINT WARNING * * *
You hit the gnoll bouda.
The gnoll bouda is almost dead.
The gnoll hits you from afar with a +0 spear.
* * * LOW HITPOINT WARNING * * *
The gnoll bouda closely misses you.
You hit the gnoll bouda but do no damage.
The gnoll bouda is almost dead.
The gnoll barely misses you.
The gnoll bouda hits you with a +0 whip.
* * * LOW HITPOINT WARNING * * *
You hit the gnoll bouda.
The gnoll bouda is almost dead.
The gnoll hits you from afar with a +0 spear.
* * * LOW HITPOINT WARNING * * *
The gnoll bouda hits you with a +0 whip!
You die...

..# #.### #.# ..# ####.####
#.# #####..g....# #.#
#.g.g.....# #.# ##g##......#
#.# #..##......# #g#
#.###......# #g# ##g# ########
#g# .g.# #@# ######## #.#
.......###### #.#
............# #.#
.)........#.####.#
.................#
..........########
.............#################
.......##....................#


You could see a gnoll bouda and 2 gnolls.

Vanquished Creatures
  A gnoll (D:3)
  4 adders (D:3)
  A worm (D:2)
  A dart slug (D:1)
  4 orcs (D:3)
  4 bats
  9 endoplasms
  3 giant cockroaches
  10 goblins
  4 hobgoblins
  2 jackals (D:1)
  2 kobolds
  A quokka (D:1)
  A ball python (D:1)
  2 frilled lizards
  4 rats
53 creatures vanquished.

Notes
Turn   | Place    | Note
-------+----------+-------------------------------------------
     0 | D:1      | Cheops the Merfolk Gladiator began the quest for the Orb.
     0 | D:1      | Reached XP level 1. HP: 16/16 MP: 1/1
   176 | D:1      | Reached XP level 2. HP: 22/22 MP: 2/2
   214 | D:1      | Reached skill level 5 in Polearms
   381 | D:1      | You fall into a shaft and drop 1 floor!
   387 | D:2      | Found Jata's Book Shop.
   531 | D:2      | Reached XP level 3. HP: 27/27 MP: 3/3
   944 | D:3      | Reached skill level 6 in Polearms
  1014 | D:3      | Reached XP level 4. HP: 7/33 MP: 4/4
  1184 | D:3      | Found a faded altar of an unknown god.
  1321 | D:3      | Reached skill level 7 in Polearms
  2366 | D:3      | Slain by a gnoll bouda

Illustrated notes

Levels and vault maps discovered:
D:1:      kilobyte_arrival_exit_the_forest, layout_rooms
D:2:      layout_rooms, serial_shops, nicolae_diamond_shop
D:3:      layout_basic, hellmonk_ecumenical_altar_heavens_door,
          nicolae_grassy_gnolls

Skill      XL: |  1  2  3  4 |
---------------+-------------+-----
Polearms       | 5 6 7 |  7.2
Fighting       | |  2.1
Throwing       | |  2.0
Dodging        | |  4.0

Action                     |  1- 3 |  4- 6 || total
---------------------------+-------+-------++-------
  Melee: Trident           |    81 |    64 ||   145
  Evoke: Wand              |       |     4 ||     4
   Stab: Sleeping          |     2 |       ||     2
 Armour: Leather armour    |     8 |    15 ||    23
  Dodge: Dodged            |    44 |    49 ||    93
